 Dungeon Crawl Stone Soup version 0.31-a0-844-gdc52ec4e09 (webtiles) character file.

Game seed: 10536564279450553936

1854401 Flugkiller the Skinwalker (level 26, 212/212 HPs)
             Began as a Minotaur Ice Elementalist on Sept 30, 2023.
             Was a High Priest of Qazlal.
             Escaped with the Orb
             ... and 3 runes!
             The game lasted 01:41:31 (56039 turns).

Flugkiller the Skinwalker (MiIE)                   Turns: 56039, Time: 01:41:32

Health: 212/212    AC: 44    Str: 28    XL:     26   Next: 20%
Magic:  36/36      EV:  9    Int: 13    God:    Qazlal [*****.]
Gold:   2596       SH: 43    Dex: 14    Spells: 26/27 levels left

rFire   + . .        e - +9 broad axe (vamp)
rCold   + . .        T - +10 tower shield of Ignorance {rN+ Int-4}
rNeg    + + +        s - +8 orange crystal plate armour {Archmagi, Int+3 Clar}
rPois   ∞            V - +2 hat {Will+}
rElec   .            k - scarf "Qaosh" {+Inv, Int+2 Slay+2 SInv Stlth+}
rCorr   .            g - +2 pair of gloves
SInv    +            Z - +2 pair of boots {rampage}
Will    ++++.        o - amulet of faith Stlth
                     D - +6 ring of strength
HPRegen 0.55/turn    f - ring of protection from fire
MPRegen 0.25/turn

%: repel missiles, clarity, rampage, faith, archmagi
@: death-form, studying Shields
A: vile attack, torment immunity, no potions, reduced hp, horns 2, retaliatory
headbutt, large bone plates 1, see invisible, strong-willed 1
0: Orb of Zot
}: 3/15 runes: decaying, silver, gossamer
a: Siphon Essence, Begin Untransformation, Renounce Religion, Evoke
Invisibility, Upheaval, Elemental Force, Disaster Area


You escaped.
You worshipped Qazlal.
Qazlal was extremely pleased with you.
You were an undying horror.
You visited 9 branches of the dungeon, and saw 45 of its levels.
You visited the Abyss 2 times.
You visited 1 bazaar.
You also visited: Sewer, Ossuary, Gauntlet, Ice Cave and Wizlab.

You collected 6361 gold pieces.
You spent 3765 gold pieces at shops.

Inventory:

Hand Weapons
 e - a +9 vampiric broad axe (weapon)
   (You bought it in a shop on level 2 of the Orcish Mines)
Missiles
 p - a throwing net
 G - 2 curare-tipped darts (quivered)
Armour
 g - a +2 pair of gloves (worn)
   (You found it in an ice cave)
 k - the scarf "Qaosh" (worn) {+Inv, Int+2 Slay+2 SInv Stlth+}
   (You found it on level 4 of the Spider Nest)

   Int+2:     It affects your intelligence (+2).
   Slay+2:    It affects your accuracy & damage with ranged weapons and melee
   (+2).
   SInv:      It lets you see invisible.
   Stlth+:    It makes you more stealthy.
 s - the +8 orange crystal plate armour (worn) {Archmagi, Int+3 Clar}
   (You bought it in a shop on level 2 of the Orcish Mines)

   Int+3:     It affects your intelligence (+3).
   Clar:      It protects you from confusion, rage, mesmerisation and fear.
 T - the +10 tower shield of Ignorance (worn) {rN+ Int-4}
   (You found it on level 3 of the Lair of Beasts)

   Int-4:     It affects your intelligence (-4).
   rN+:       It protects you from negative energy.
 V - a +2 hat of willpower (worn)
   (You found it on level 2 of the Lair of Beasts)
 Z - a +2 pair of boots of rampaging (worn)
   (You found it in a Gauntlet)
Jewellery
 f - a ring of protection from fire (right hand)
   (You found it on level 3 of the Swamp)
 m - a ring of willpower
   (You found it on level 5 of the Vaults)
 o - an amulet of faith (around neck)
   (You bought it in a shop on level 2 of the Orcish Mines)
 r - the ring of the Burgomaster {Fire rElec Dex+4 Slay+2}
   (You took it off a yaktaur captain on level 3 of the Vaults)

   [ring of fire]

   Fire:      It enhances your fire magic.
   Dex+4:     It affects your dexterity (+4).
   Slay+2:    It affects your accuracy & damage with ranged weapons and melee
   (+2).
   rF+:       It protects you from fire.
   rC-:       It makes you vulnerable to cold.
   rElec:     It insulates you from electricity.
 v - a +5 ring of evasion
   (You found it on level 10 of the Dungeon)
 D - a +6 ring of strength (left hand)
   (You found it on level 4 of the Dungeon)
 I - the ring "Rorarph" {+Blink rC+ MP+9 SInv}
   (You took it off a tengu reaver on level 5 of the Vaults)

   [ring of magical power]

   rC+:       It protects you from cold.
   MP+9:      It affects your magic capacity (+9).
   SInv:      It lets you see invisible.
   +Blink:    It lets you blink.
 R - the ring "Kinuug" {rPois Int+2 Dex+4 SInv}
   (You found it on level 4 of the Swamp)

   [ring of poison resistance]

   Int+2:     It affects your intelligence (+2).
   Dex+4:     It affects your dexterity (+4).
   rPois:     It protects you from poison SInv: It lets you see invisible.
Talismans
 j - a talisman of death (active)
   (You found it on level 3 of the Dungeon)
Wands
 i - a wand of mindburst (19)
   (You found it on level 1 of the Swamp)
 y - a wand of iceblast (65)
   (You found it on level 4 of the Dungeon)
 A - a wand of acid (21)
   (You found it on level 3 of the Lair of Beasts)
 H - a wand of charming (61)
   (You found it on level 5 of the Dungeon)
 U - a wand of digging (11)
   (You found it on level 2 of the Spider Nest)
Scrolls
 a - 6 scrolls of enchant armour
 c - 7 scrolls of immolation
 t - 8 scrolls of teleportation
 u - 4 scrolls of vulnerability
 x - 6 scrolls of poison
 z - 6 scrolls of blinking
 B - 2 scrolls of fear
 M - 4 scrolls of fog
 N - 5 scrolls of summoning
 O - 5 scrolls of silence
 X - 3 scrolls of revelation
Potions
 b - 10 potions of magic
 d - 8 potions of might
 h - 11 potions of haste
 l - 6 potions of cancellation
 n - a potion of resistance
 q - 10 potions of curing
 w - a potion of heal wounds
 C - 12 potions of enlightenment
 E - 4 potions of mutation
 J - 7 potions of invisibility
 K - 6 potions of attraction
 Q - 9 potions of lignification
 S - 9 potions of ambrosia
Miscellaneous
 F - a phial of floods
   (You found it in a Gauntlet)
 L - a condenser vane
   (You found it in an ice cave)
 W - a phantom mirror
   (You found it on level 5 of the Lair of Beasts)


   Skills:
 - Level 20.0 Fighting
 - Level 1.0 Short Blades
 - Level 16.5(18.0) Axes
 - Level 11.7(15.6) Maces & Flails
 - Level 20.0 Armour
 - Level 8.0 Dodging
 - Level 1.5 Stealth
 - Level 20.0 Shields
 - Level 1.3 Spellcasting
 - Level 2.9 Ice Magic
 - Level 21.2 Invocations
 - Level 10.0 Evocations
 + Level 21.8 Shapeshifting


You had 26 spell levels left.
You knew the following spells:

 Your Spells              Type           Power      Damage    Failure   Level
a - Freeze                Ice            48%        1d6       83%         1

Your spell library contained the following spells:

 Spells                   Type           Power      Damage    Failure   Level
 Apportation              Tloc           2%         N/A       99%         1
 Foxfire                  Conj/Fire      4%         2x1d4     99%         1
 Kiss of Death            Conj/Necr      4%         2d5       99%         1
 Magic Dart               Conj           4%         1d3       99%         1
 Necrotise                Necr           4%         1d4       99%         1
 Shock                    Conj/Air       4%         1d3       99%         1
 Summon Small Mammal      Summ           4%         N/A       99%         1
 Ensorcelled Hibernation  Hex/Ice        14%        N/A       99%         2
 Frozen Ramparts          Ice            24%        1d4       99%         3
 Ozocubu's Armour         Ice            12%        N/A       99%         3
 Blink                    Tloc           2%         N/A       100%        2
 Call Imp                 Summ           2%         N/A       100%        2
 Cigotuvi's Dreadful Rot  Necr/Pois/Air  2%         N/A       100%        2
 Jinxbite                 Hex            2%         N/A       100%        2
 Lesser Beckoning         Tloc           2%         N/A       100%        2
 Momentum Strike          Conj/Tloc      2%         3d8       100%        2
 Searing Ray              Conj           2%         2d4       100%        2
 Wereblood                Tmut           1%         N/A       100%        2
 Call Canine Familiar     Summ           1%         N/A       100%        3
 Confusing Touch          Hex            1%         N/A       100%        3
 Hailstorm                Conj/Ice       7%         3d4       100%        3
 Ignite Poison            Fire/Tmut/Pois 1%         N/A       100%        3
 Mephitic Cloud           Conj/Pois/Air  1%         N/A       100%        3
 Sigil of Binding         Hex            1%         N/A       100%        3
 Stone Arrow              Conj/Erth      2%         3d7       100%        3
 Summon Guardian Golem    Hex/Summ       1%         N/A       100%        3
 Swiftness                Air            1%         N/A       100%        3
 Tukima's Dance           Hex            1%         N/A       100%        3
 Airstrike                Air            0%         2d(1-17)  100%        4
 Anguish                  Hex/Necr       0%         N/A       100%        4
 Animate Armour           Summ/Erth      2%         N/A       100%        4
 Animate Dead             Necr           1%         N/A       100%        4
 Dimensional Bullseye     Hex/Tloc       0%         N/A       100%        4
 Dispel Undead            Necr           1%         3d6       100%        4
 Fulminant Prism          Conj/Hex       0%         3d5       100%        4
 Leda's Liquefaction      Hex/Erth       0%         N/A       100%        4
 Olgreb's Toxic Radiance  Pois           1%         N/A       100%        4
 Passage of Golubria      Tloc           1%         N/A       100%        4
 Petrify                  Tmut/Erth      1%         N/A       100%        4
 Sticky Flame             Conj/Fire      1%         2d3       100%        4
 Summon Ice Beast         Ice/Summ       7%         N/A       100%        4
 Summon Lightning Spire   Summ/Air       1%         N/A       100%        4
 Alistair's Intoxication  Tmut/Pois      0%         N/A       100%        5
 Borgnjor's Vile Clutch   Necr/Erth      0%         N/A       100%        5
 Irradiate                Conj/Tmut      0%         3d11      100%        5
 Lee's Rapid Deconstruct  Erth           0%         3d4*      100%        5
 Metabolic Englaciation   Hex/Ice        3%         N/A       100%        5
 Summon Forest            Summ/Tloc      0%         N/A       100%        5
 Summon Mana Viper        Hex/Summ       1%         N/A       100%        5
 Yara's Violent Unravell  Hex/Tmut       0%         3d3       100%        5
 Bombard                  Conj/Erth      0%         9d1       100%        6
 Conjure Ball Lightning   Conj/Air       0%         3x3d6     100%        6
 Death Channel            Necr           0%         N/A       100%        6
 Plasma Beam              Fire/Air       0%         2x1d10    100%        6
 Simulacrum               Ice/Necr       3%         N/A       100%        6
 Starburst                Conj/Fire      0%         6d3       100%        6
 Summon Cactus Giant      Summ           0%         N/A       100%        6
 Haunt                    Necr/Summ      0%         N/A       100%        7
 Monstrous Menagerie      Summ           0%         N/A       100%        7
 Orb of Destruction       Conj           0%         9d5       100%        7
 Spellforged Servitor     Conj/Summ      0%         N/A       100%        7
 Discord                  Hex            0%         N/A       100%        8
 Ignition                 Fire           0%         3d3       100%        8
 Lehudib's Crystal Spear  Conj/Erth      0%         10d2      100%        8


Dungeon Overview and Level Annotations

Branches:
Dungeon (15/15)            Temple (1/1) D:5            Lair (5/5) D:8
  Swamp (4/4) Lair:3       Spider (4/4) Lair:3        Slime (0/5) Lair:5
    Orc (2/2) D:9             Elf (0/3) Orc:2        Vaults (5/5) D:14
  Crypt (0/3) Vaults:2     Depths (4/4) D:15            Zot (5/5) Depths:4
  Sewer (visited)         Ossuary (visited)           IceCv (visited)
 WizLab (visited)         Gauntlet (visited)

Altars:
Ashenzari
Cheibriados
Dithmenos
Elyvilon
Fedhas
Gozag
Hepliaklqana
Kikubaaqudgha
Makhleb
Nemelex Xobeh
Okawaru
Qazlal
Ru
Sif Muna
Trog
Uskayaw
Vehumet
Wu Jian
Xom
Yredelemnul
Zin
The Shining One
Jiyva
Lugonu

Shops:
D:6 (   D:14 *   Orc:2 :*(=[   Vaults:1 (   Vaults:3 [[(=   Vaults:4 (
Depths:1 :   Depths:3 !

Portals:
Hell: Depths:1 Depths:2 Depths:3 Depths:4
Abyss: Zot:2 Depths:1 Depths:3
Pandemonium: Depths:2 Depths:4
Ziggurat: Depths:3

Annotations:
Lair:1 exclusion: oklob plant
Lair:2 3 runed translucent doors
Lair:4 exclusion: oklob plant
Spider:1 Roxanne
Depths:2 2 transporters, Vyrynni Mabi's ghost, veteran DrSh
Depths:3 exclusion: orange crystal statue
Zot:2 2 transporters, Sphara's ghost, legendary DsEE


Innate Abilities, Weirdness & Mutations

You are an undying horror.
Your melee and unarmed attacks drain, slow and weaken victims.
You are immune to unholy pain and torment.
You cannot drink.
Your maximum health is decreased, since you lack skill for your form.
You are immune to poison.
You have a pair of horns on your head.
You reflexively headbutt those who attack you in melee.
You are partially covered in large bone plates. (SH +4)
You have supernaturally acute eyesight. (SInv)
You are strong-willed. (Will+)


Message History

The Orb Guardian is engulfed in freezing vapours.
You block the Orb Guardian's attack.
A chaos spawn comes into view.
You barely miss the Orb Guardian. Your headbutt misses the Orb Guardian.
The Orb Guardian is almost dead.
You block the Orb Guardian's attack.
You slice the Orb Guardian!!
You kill the Orb Guardian!
Qazlal accepts your kill.
Pecuaw comes into view.
Pecuaw screeches, "Quit, thou currish fool-born flax-wench!"
A ynoxinul comes into view.
A tormentor comes into view.
There is a stone staircase leading up here.
You climb upwards.
There is a stone staircase leading down here.
There is an open door here.
There is a stone staircase leading up here.
You climb upwards.
There is a stone staircase leading down here.
You see here a +0 dagger.
There is a stone staircase leading up here.
You climb upwards.
There is a stone staircase leading down here.
You hear a roar!
A tormentor comes into view.
You block the tormentor's attack. x2
You closely miss the tormentor. You headbutt the tormentor!
The tormentor is moderately wounded.
The tormentor hits you but does no damage.
You block the tormentor's attack.
You hit the tormentor but do no damage. You headbutt the tormentor.
The tormentor is moderately wounded.
You block the tormentor's attack. x2
You slice the tormentor!!
You kill the tormentor!
Qazlal accepts your kill.
You see here a +0 dagger.
There is a stone staircase leading up here.
You climb upwards.
There is a stone staircase leading down here.
A neqoxec comes into view.
You rampage towards the neqoxec!
You closely miss the neqoxec. You slice the neqoxec!!
The neqoxec decays.
The neqoxec is heavily wounded.
You block the neqoxec's attack.
You slash the neqoxec!
The neqoxec decays.
Your headbutt misses the neqoxec.
The neqoxec is almost dead.
You slice the neqoxec!!
You kill the neqoxec!
Qazlal accepts your kill.
A red devil comes into view. It is wielding a +0 trident.
You block the red devil's attack. You block the red devil's attack.
You slash the red devil!
The red devil decays.
Your headbutt misses the red devil.
The red devil is moderately wounded.
You block the red devil's attack.
You barely miss the red devil. Your headbutt misses the red devil.
The red devil is moderately wounded.
You slash the red devil!
The red devil decays.
The red devil is almost dead.
You block the red devil's attack.
You barely miss the red devil.
The red devil is almost dead.
You slice the red devil!!
You kill the red devil!
Qazlal accepts your kill.
There is a stone staircase leading down here.
You see here a +0 trident.
You see here 5 stones.
You open the door.
The black draconian roars!
There is an open door here.
You hear a deafening roar!
You hear a deafening roar!
A green death comes into view.
You rampage towards the green death!
The red draconian roars!
The iron dragon roars deafeningly!
You slice the green death!!
The green death decays.
The green death is moderately wounded.
You completely miss the green death. You headbutt the green death!
The green death is heavily wounded.
You slash the green death!
The green death decays.
You headbutt the green death!!
The green death is almost dead.
You block the green death's attack.
You slice the green death!!
You kill the green death!
Qazlal accepts your kill.
No reachable target in view!
No reachable target in view!
The ice dragon roars deafeningly!
You hear a roar!
The green draconian roars!
An orange demon, a red devil and a smoke demon come into view.
The smoke demon moves out of view.
There is a staircase leading out of the dungeon here.
Enter note: gg You have escaped!

.## #.####.#.#
..## #........#
...# ######.###
#### ### ####
#######
d#X#######^#^#^#
####X#D#^########
...#######......##
##.........4....z#
D#####..3.4.....##
##^#D############
#####d#*#~#D#~#
#### ###########
.#.##
..#.##########
.............#
...#########.#


You could see an orange demon and a red devil.

Vanquished Creatures
  3 dread liches
  5 ancient liches
  4 orbs of fire
  Mara (Vaults:5)
  A juggernaut (Depths:3)
  Vv (Depths:4)
  7 Killer Klowns
  3 curse toes
  A caustic shrike (Depths:3)
  Saint Roka (Vaults:2)
  7 golden dragons
  the Enchantress (Depths:3)
  Nikola (Vaults:3)
  2 bone dragons
  Arachne (Spider:2)
  A Brimstone Fiend (Depths:3)
  3 doom hounds (Depths:4)
  2 electric golems (Zot:5)
  A Tzitzimitl (Zot:4)
  A shard shrike skeleton (Abyss:3)
  Jorgrun (Spider:2)
  25 tentacled monstrosities
  Rupert (Lair:4)
  Grunn (Depths:4)
  3 liches
  27 Orb Guardians
  6 titans (Vaults:5)
  2 walking earthen tomes
  10 sphinxes
  A walking divine tome (Depths:2)
  6 quicksilver dragons
  7 ancient champions (WizLab)
  3 tentacled starspawn (Abyss:3)
  Agnes (D:14)
  An Executioner (Abyss:3)
  12 storm dragons
  11 shadow dragons
  6 death cobs
  Donald (Spider:1)
  A demonspawn warmonger (D:9)
  12 tengu reavers
  3 revenants (WizLab)
  7 fire giants
  2 draconian knights
  6 draconian monks
  3 deep elf sorcerers
  2 iron dragons
  19 vault wardens
  3 frost giants
  3 draconian stormcallers
  7 emperor scorpions
  5 draconian scorchers
  6 ghost moths
  Louise (D:14)
  2 spectral caustic shrikes (WizLab)
  27 ironbound preservers
  3 orc warlords
  5 draconian shifters
  5 draconian annihilators
  17 stone giants
  4 spriggan defenders
  10 broodmothers
  10 ironbound thunderhulks
  A reaper (D:9)
  2 formless jellyfish
  4 vampire knights
  10 black draconians
  12 very ugly things
  The ghost of Rayvis the Severer, a journeyman MiFi of Makhleb (Lair:3)
  5 war gargoyles
  11 green draconians
  Nessos (D:15)
  A putrid mouth (Depths:4)
  3 eleionomae
  2 grey draconians (Depths:4)
  An elemental wellspring (Depths:3)
  13 white draconians
  6 red draconians
  5 halazid warlocks (WizLab)
  Azrael (Spider:1)
  A spectral titan (WizLab)
  A minotaur (Gauntlet)
  A demonspawn black sun (D:9)
  12 dire elephants
  5 yellow draconians
  15 purple draconians
  16 spark wasps
  3 crystal guardians
  3 deep elf death magi
  5 bunyips
  A blizzard demon (Depths:4)
  5 eidola
  2 merfolk javelineers (Depths:3)
  12 ettins
  2 merfolk impalers (Depths:3)
  20 yaktaur captains
  A quicksilver dragon zombie (WizLab)
  3 shambling mangroves
  7 deep elf high priests
  10 entropy weavers
  A green death (D:1)
  7 jiangshi
  A spectral quicksilver dragon (WizLab)
  10 fire dragons
  16 hydras
  6 great orbs of eyes
  11 ice dragons
  49 vault guards
  4 peacekeepers
  4 radroaches
  2 ghost crabs
  An ogre mage (Vaults:5)
  8 rakshasas
  Erolcha (D:10)
  2 hell beasts (Depths:1)
  8 alligators
  A sphinx zombie (Depths:2)
  2 jorogumos (Spider:4)
  2 catoblepae
  2 spriggan skeletons (Depths:1)
  An anaconda (shapeshifter) (Depths:2)
  3 centaur warriors
  13 ironbound frosthearts
  6 spriggan air magi
  17 boulder beetles
  A death knight (D:14)
  A two-headed ogre (D:9)
  12 tengu warriors
  7 demonic crawlers
  2 satyrs (shapeshifter)
  7 deep troll earth magi
  6 deep troll shamans
  A vampire mage (Depths:3)
  17 death yaks
  2 deep elf knights (D:14)
  2 titan zombies
  An orc high priest (Orc:2)
  9 spriggan berserkers
  3 skysharks (Lair:5)
  3 shadow wraiths
  A titan skeleton (Depths:2)
  3 soul eaters
  4 sun demons
  9 iron trolls
  A wretched star (Abyss:3)
  2 sixfirhies (Abyss:3)
  5 skeletal warriors (WizLab)
  A spark wasp zombie (WizLab)
  2 death drakes (Abyss:3)
  4 goliath frogs
  3 pharaoh ants (Spider:4)
  A sun moth (Spider:4)
  4 glowing orange brains
  9 orb spiders
  7 bog bodies
  2 spriggan druids (Swamp:1)
  A flayed ghost (WizLab)
  50 deep trolls
  10 wizards
  A deep elf pyromancer (D:14)
  A spectral wolf spider (WizLab)
  15 phantasmal warriors
  10 lindwurms
  2 orc knights
  5 steelbarb worms
  4 necromancers
  9 orc sorcerers
  47 ugly things
  10 swamp dragons
  A spectral spriggan (WizLab)
  An oklob plant (Gauntlet)
  19 wolf spiders
  A will-o-the-wisp (Swamp:1)
  19 ironbound convokers
  3 wolf spider zombies
  A shining eye (Gauntlet)
  A salamander (shapeshifter) (Depths:1)
  2 manticores
  6 large abominations (Abyss:3)
  10 elephants
  6 cyclopes
  26 moths of wrath
  21 vault sentinels
  An ice statue (IceCv)
  Joseph (D:9)
  3 gargoyles
  A frost giant skeleton (Depths:1)
  6 torpor snails
  4 black mambas
  A rust devil (Zot:3)
  4 smoke demons
  3 orange demons
  A storm dragon simulacrum (Depths:2)
  4 rime drakes
  An unseen horror (D:12)
  11 komodo dragons
  8 cane toads
  2 efreet
  25 yaktaurs
  3 kobold demonologists
  2 tormentors
  3 freezing wraiths
  Jeremiah (D:9)
  5 tengu conjurers
  2 ice devils (D:13)
  A spectral harpy (WizLab)
  A queen bee (Lair:1)
  2 red devils
  2 ancient zymes (Abyss:3)
  11 polar bears
  5 trolls
  A hornet (shapeshifter) (D:13)
  9 meliai
  Prince Ribbit (Lair:1)
  2 hellwings
  16 blink frogs
  3 raiju (Abyss:3)
  27 hornets
  36 tarantellas
  11 tyrant leeches
  19 dream sheep
  A spriggan zombie (WizLab)
  2 ynoxinuls
  26 culicivoras
  31 jumping spiders
  13 flying skulls
  3 small abominations (Abyss:3)
  31 slime creatures
  2 vampires (D:12)
  14 spriggans
  5 centaur simulacra
  5 shadows
  A water elemental (D:11)
  10 wyverns
  2 ettin skeletons
  A fire bat (Abyss:3)
  4 wraiths
  5 basilisks
  5 fire elementals
  51 yaks
  3 neqoxecs
  10 vampire mosquitoes
  4 golden eyes
  70 redbacks
  2 steam dragons
  A chaos spawn (Depths:2)
  13 swamp worms
  3 wargs
  14 water moccasins
  9 acid dragons
  3 hell hounds (Spider:1)
  6 swamp drakes
  32 orc warriors
  5 ice beasts (D:8)
  4 black bears
  51 wolves
  8 ogres
  5 centaurs
  10 kobold brigands
  2 phantoms (D:5)
  19 bullfrogs
  8 scorpions
  15 wights
  25 killer bees
  A howler monkey (D:12)
  6 electric eels
  A lava snake (D:12)
  A wyvern simulacrum (Gauntlet)
  3 hounds
  5 centaur zombies (Ossuary)
  3 human zombies (Ossuary)
  10 orc priests
  2 jellies (D:7)
  2 iron imps (Gauntlet)
  Jessica (D:3)
  3 iguanas
  16 orc wizards
  6 scorpion zombies (Ossuary)
  6 hell rats (Lair:5)
  Robin (D:3)
  4 mummies
  A gnoll (D:8)
  11 adders
  5 white imps
  4 ufetubi
  6 worms
  A dart slug (D:4)
  81 orcs
  13 endoplasms
  A giant cockroach (D:4)
  14 goblins
  13 hobgoblins
  35 kobolds
  2 quokkas
  7 ball pythons
  6 bats
  5 frilled lizards
  2 gnoll zombies (Ossuary)
  2 goblin zombies (Ossuary)
  2 hobgoblin zombies (Ossuary)
  A kobold zombie (Ossuary)
  An orc zombie (Ossuary)
  8 rats
  A lurking horror (Abyss:3)
  A starspawn tentacle (Abyss:3)
2198 creatures vanquished.

Vanquished Creatures (collateral kills)
  2 emperor scorpions (Spider:4)
  An orb spider (Spider:4)
  A wolf spider (Spider:4)
  2 steelbarb worms (Spider:4)
6 creatures vanquished.

Vanquished Creatures (others)
  Mlioglotl (Swamp:1)
  A draconian knight (Zot:2)
  An emperor scorpion (Spider:1)
  A black draconian (Zot:2)
  A white draconian (Zot:1)
  A red draconian (Zot:5)
  A bunyip (Swamp:2)
  A great orb of eyes (Vaults:3)
  A hydra (Swamp:2)
  A tengu warrior (Depths:1)
  A goliath frog (Swamp:2)
  2 ironbound convokers (Vaults:3)
  3 bloated husks
  2 tyrant leeches (Swamp:2)
  A flying skull (WizLab)
  An orc priest (Orc:2)
  An orc wizard (Orc:2)
  2 foxfires (Swamp:1)
  3 starspawn tentacles (Abyss:3)
26 creatures vanquished.

Grand Total: 2230 creatures vanquished

Notes
Turn   | Place    | Note
-------+----------+-------------------------------------------
     0 | D:1      | Flugkiller the Minotaur Ice Elementalist began the quest
                  | for the Orb.
     0 | D:1      | Reached XP level 1. HP: 14/14 MP: 1/1
     3 | D:1      | Noticed a shadow dragon
     7 | D:1      | Noticed an orb of fire
     8 | D:1      | Noticed a shadow dragon
     9 | D:1      | Noticed a green draconian
    11 | D:1      | Noticed a large abomination
    11 | D:1      | Noticed an ice dragon
    13 | D:1      | Noticed a large abomination
    15 | D:1      | Noticed a red draconian
    15 | D:1      | Noticed a large abomination
    15 | D:1      | Noticed an iron dragon
    17 | D:1      | Noticed an iron dragon
    17 | D:1      | Noticed an iron dragon
    19 | D:1      | Noticed a shadow dragon
    21 | D:1      | Noticed a black draconian
    94 | D:1      | Reached skill level 1 in Fighting
   289 | D:1      | Reached XP level 2. HP: 22/24 MP: 0/3
  1376 | D:2      | Reached XP level 3. HP: 31/31 MP: 2/4
  2154 | D:3      | Noticed Jessica
  2172 | D:3      | Killed Jessica
  2173 | D:3      | Reached XP level 4. HP: 39/40 MP: 2/5
  2201 | D:3      | Reached skill level 1 in Armour
  2214 | D:3      | Reached skill level 1 in Short Blades
  2582 | D:3      | Found a faded altar of an unknown god.
  2584 | D:3      | Noticed Robin
  2618 | D:3      | Killed Robin
  2619 | D:3      | Reached XP level 5. HP: 26/47 MP: 1/6
  2700 | D:3      | Identified the +3 buckler of the Trees {Will+ Slay+2}
  3110 | D:4      | Reached skill level 1 in Shields
  3145 | D:4      | Found a glowing drain.
  3184 | Sewer    | Entered a sewer
  3321 | Sewer    | Reached skill level 5 in Fighting
  3321 | Sewer    | Reached XP level 6. HP: 37/56 MP: 7/7
  3592 | Sewer    | Reached XP level 7. HP: 60/61 MP: 8/8
  4591 | D:5      | Entered Level 5 of the Dungeon
  4800 | D:5      | You fall into a shaft and drop 1 floor!
  4916 | D:5      | Reached skill level 5 in Shields
  4916 | D:5      | Reached skill level 1 in Evocations
  5235 | D:5      | Found a staircase to the Ecumenical Temple.
  5352 | D:6      | Noticed a steam dragon
  5367 | D:6      | Killed a steam dragon
  5368 | D:6      | Reached XP level 8. HP: 59/73 MP: 9/9
  5785 | D:6      | Reached skill level 1 in Axes
  6134 | D:6      | Found Dajum's Antique Weapon Shoppe.
  6403 | D:7      | Reached skill level 5 in Axes
  6622 | D:7      | Reached XP level 9. HP: 40/79 MP: 10/10
  6744 | D:7      | Found a sand-covered staircase.
  6748 | Ossuary  | Entered an ossuary
  7149 | D:7      | Reached skill level 10 in Fighting
  7149 | D:7      | Reached XP level 10. HP: 94/94 MP: 11/11
  8204 | D:8      | Identified the +10 morningstar of the Past {flame, rF+
                  | Str+4}
  8235 | D:8      | Found a staircase to the Lair.
  8954 | D:9      | Noticed Jeremiah
  8969 | D:9      | Noticed a two-headed ogre
  9217 | D:9      | Killed a two-headed ogre
  9218 | D:9      | Reached XP level 11. HP: 6/102 MP: 12/12
  9706 | D:9      | Reached skill level 10 in Armour
  9800 | D:9      | Noticed Joseph
  9812 | D:9      | Killed Joseph
 10056 | D:9      | Noticed Psyche
 10061 | D:9      | Psyche changed into Psyche the spriggan
 10061 | D:9      | Noticed Psyche
 10067 | D:9      | Killed Psyche the spriggan
 10072 | D:9      | Found a snail-covered altar of Cheibriados.
 10366 | D:9      | Found a hazy altar of Hepliaklqana.
 10547 | D:9      | Killed Jeremiah
 10633 | D:9      | Found a staircase to the Orcish Mines.
 10720 | D:10     | Entered Level 10 of the Dungeon
 10721 | D:10     | Found a basalt altar of Yredelemnul.
 10734 | D:9      | Reached skill level 1 in Maces & Flails
 11165 | D:10     | Reached skill level 5 in Maces & Flails
 11360 | D:10     | Found a white marble altar of Elyvilon.
 11371 | D:10     | Noticed Erolcha
 11384 | D:10     | Killed Erolcha
 11935 | D:11     | Noticed a boulder beetle
 11959 | D:11     | Killed a boulder beetle
 12242 | D:11     | Noticed a cyan ugly thing
 12410 | D:11     | Noticed a boulder beetle
 12418 | D:11     | Killed a boulder beetle
 12693 | D:11     | Found a blossoming altar of Fedhas.
 12938 | Lair:1   | Entered Level 1 of the Lair of Beasts
 12973 | Lair:1   | Reached XP level 12. HP: 113/113 MP: 13/13
 13498 | Lair:1   | Identified the +0 robe "Vagateew" {rC++}
 13889 | Lair:1   | Noticed Prince Ribbit
 13936 | Lair:1   | Killed Prince Ribbit
 14348 | Lair:2   | Identified the +3 war axe "Calolimp" {flame, Dex+5}
 14942 | Lair:2   | Found a runed translucent door.
 15152 | Lair:3   | Identified the +1 ring mail of Imalod {Will++}
 15201 | Lair:2   | Reached skill level 15 in Fighting
 15204 | Lair:2   | Found a runed translucent gate.
 15204 | Lair:2   | Noticed a boulder beetle
 15205 | Lair:2   | Found a runed translucent gate.
 15205 | Lair:2   | Found a runed translucent gate.
 15205 | Lair:2   | Found a runed translucent gate.
 15205 | Lair:2   | Found a runed translucent gate.
 15205 | Lair:2   | Noticed a boulder beetle
 15205 | Lair:2   | Noticed a boulder beetle
 15205 | Lair:2   | Found a runed translucent gate.
 15262 | Lair:2   | Killed a boulder beetle
 15277 | Lair:2   | Killed a boulder beetle
 15279 | Lair:2   | Killed a boulder beetle
 15444 | Lair:3   | Reached skill level 15 in Armour
 15444 | Lair:3   | Reached XP level 13. HP: 117/126 MP: 14/14
 15657 | Lair:3   | Found a runed translucent gate.
 15657 | Lair:3   | Found a runed translucent gate.
 15658 | Lair:3   | Found a runed translucent gate.
 15659 | Lair:3   | Noticed Rayvis's ghost (journeyman MiFi)
 15839 | Lair:3   | Got a clothbound book
 15870 | Lair:3   | Found a hole to the Spider Nest.
 15907 | Lair:3   | Found a staircase to the Swamp.
 16004 | Lair:3   | Found the +10 tower shield of Ignorance {rN+ Int-4}
 16378 | Lair:3   | Killed Rayvis's ghost
 16379 | Lair:3   | Reached skill level 10 in Maces & Flails
 17227 | Lair:4   | Noticed Rupert
 17236 | Lair:4   | Killed Rupert
 17280 | Lair:4   | Reached XP level 14. HP: 108/135 MP: 15/15
 17952 | Lair:5   | Entered Level 5 of the Lair of Beasts
 17975 | Lair:5   | Reached skill level 10 in Shields
 19049 | Lair:5   | Found a viscous altar of Jiyva.
 19050 | Lair:5   | Found a staircase to the Slime Pits.
 19790 | D:12     | Reached skill level 15 in Shields
 19868 | D:12     | Found a gate leading to a gauntlet.
 19878 | Gauntlet | Entered a Gauntlet
 19878 | Gauntlet | Found a transporter.
 19878 | Gauntlet | Found a transporter.
 19878 | Gauntlet | Found a transporter.
 19882 | Gauntlet | Found a transporter.
 19892 | Gauntlet | Found a transporter.
 19958 | Gauntlet | Found a transporter.
 19968 | Gauntlet | Found a transporter.
 19983 | Gauntlet | Found a transporter.
 19993 | Gauntlet | Found a transporter.
 20008 | Gauntlet | Found a transporter.
 20014 | Gauntlet | Found a transporter.
 20035 | Gauntlet | Found a transporter.
 20234 | Gauntlet | Identified the +4 plate armour "Vaval" {rN+}
 20261 | Gauntlet | Gained mutation: You have sharp toenails. [a shining eye]
 20303 | Gauntlet | Reached skill level 5 in Evocations
 20357 | Gauntlet | Identified the +9 flail "Sadgh" {elec, Contam Int+4 SInv}
 20357 | Gauntlet | Identified the ring "Jozxil" {*Slow MP+9 Dex+6}
 20358 | Gauntlet | Got a parchment book
 20418 | D:12     | Found an ancient bone altar of Kikubaaqudgha.
 20863 | D:13     | Found a frozen archway.
 20869 | D:13     | Reached XP level 15. HP: 123/141 MP: 16/16
 20878 | IceCv    | Entered an ice cave
 21325 | IceCv    | Noticed a frost giant
 21361 | IceCv    | Killed a frost giant
 21664 | D:13     | Found a burning altar of Makhleb.
 22064 | D:14     | Noticed Agnes
 22087 | D:14     | Found Eealiys's Eclectic Emporium.
 22350 | D:14     | Identified the +12 shortbow of Ocreigiq {elec, rCorr}
 22361 | D:14     | Killed Agnes
 22626 | Temple   | Entered the Ecumenical Temple
 22632 | Temple   | Became a worshipper of Qazlal Stormbringer
 22900 | D:14     | Reached skill level 1 in Invocations
 23223 | D:14     | Noticed Louise
 23277 | Abyss:2  | Found a corrupted altar of Lugonu.
 23277 | Abyss:2  | Cast into level 2 of the Abyss (Louise)
 23317 | Abyss:3  | Found a corrupted altar of Lugonu.
 23346 | Abyss:3  | Reached skill level 10 in Evocations
 23388 | Abyss:3  | Noticed a tentacled starspawn
 23397 | Abyss:3  | Killed a tentacled starspawn
 23414 | Abyss:3  | Noticed an Executioner
 23427 | Abyss:3  | Killed an Executioner
 23428 | Abyss:3  | Reached skill level 5 in Invocations
 23546 | Abyss:3  | Noticed a tentacled starspawn
 23556 | Abyss:3  | Killed a tentacled starspawn
 23558 | Abyss:3  | Reached * piety under Qazlal
 23570 | D:14     | Escaped the Abyss
 23910 | D:14     | Killed Louise
 23947 | D:14     | Identified the orb of Riseibb {mayhem, rElec rC+}
 23968 | D:14     | Found a gate to the Vaults.
 24133 | D:15     | Entered Level 15 of the Dungeon
 24372 | D:15     | Reached XP level 16. HP: 143/149 MP: 21/21
 24381 | D:15     | Found a staircase to the Depths.
 24708 | D:15     | Noticed Nessos
 24724 | D:15     | Reached ** piety under Qazlal
 24727 | D:15     | Killed Nessos
 24750 | D:15     | Reached skill level 10 in Invocations
 25373 | Orc:1    | Entered Level 1 of the Orcish Mines
 25506 | Orc:1    | Reached *** piety under Qazlal
 26032 | Orc:2    | Entered Level 2 of the Orcish Mines
 26138 | Orc:2    | Found Herriffu's General Store.
 26181 | Orc:2    | Found a staircase to the Elven Halls.
 26255 | Orc:2    | Found Ceugikhl Cann's Antique Armour Emporium.
 26266 | Orc:2    | Reached **** piety under Qazlal
 26404 | Orc:2    | Found Odaykk's Jewellery Boutique.
 26424 | Orc:2    | Found Pantix's Antique Weapon Boutique.
 26452 | Orc:2    | Bought a runed broad axe for 210 gold pieces
 26521 | Orc:2    | Found Veble's Book Shoppe.
 26883 | D:14     | Bought a scroll of enchant weapon for 120 gold pieces
 27009 | Orc:2    | Bought an amulet of faith for 680 gold pieces
 27195 | Spider:1 | Entered Level 1 of the Spider Nest
 27200 | Spider:1 | Noticed Donald
 27217 | Spider:1 | Killed Donald
 27218 | Spider:1 | Reached skill level 15 in Axes
 27384 | Spider:1 | Reached ***** piety under Qazlal
 27470 | Spider:1 | You fall into a shaft and drop 1 floor!
 27470 | Spider:2 | Noticed Arachne
 27499 | Spider:2 | Killed Arachne
 28015 | Spider:1 | Gained mutation: You occasionally shout uncontrollably at
                  | your foes. [mutagenic glow]
 28253 | Spider:1 | Reached XP level 17. HP: 156/156 MP: 24/24
 28338 | Spider:1 | Noticed Azrael
 28349 | Spider:1 | Killed Azrael
 28372 | Spider:1 | Noticed Roxanne
 28548 | Spider:2 | Noticed Jorgrun
 28587 | Spider:2 | Killed Jorgrun
 28975 | Spider:3 | Reached ****** piety under Qazlal
 29479 | Spider:3 | Identified the +0 robe of Defence {Fly rPois rF++ Int+4
                  | Stlth-}
 30016 | Spider:4 | Entered Level 4 of the Spider Nest
 30228 | Spider:4 | Paralysed by a jorogumo for 1 turns
 30362 | Spider:4 | Reached skill level 15 in Invocations
 30604 | Spider:4 | Reached skill level 5 in Dodging
 30624 | Spider:4 | Reached XP level 18. HP: 116/163 MP: 1/28
 30988 | Spider:4 | Got a gossamer rune of Zot
 31161 | Spider:4 | Identified the scarf "Qaosh" {+Inv, Int+2 Slay+2 SInv
                  | Stlth+}
 31450 | Swamp:1  | Entered Level 1 of the Swamp
 31498 | Swamp:1  | Noticed Mlioglotl
 31504 | Swamp:1  | Killed Mlioglotl
 31539 | Swamp:1  | Identified the +1 chain mail "Fuankeaq" {rN+ Will+ Str-2
                  | Dex+2}
 31589 | Swamp:1  | Paralysed by a hornet for 1 turns
 32838 | Swamp:4  | Entered Level 4 of the Swamp
 32877 | Swamp:4  | Identified the ring "Kinuug" {rPois Int+2 Dex+4 SInv}
 33493 | Swamp:4  | Identified the +6 quarterstaff "Purosig" {heavy, Stlth+}
 33567 | Swamp:4  | Got a decaying rune of Zot
 33919 | Vaults:1 | Entered Level 1 of the Vaults
 34019 | Vaults:1 | Reached XP level 19. HP: 143/177 MP: 30/30
 34148 | Vaults:1 | Found Baclioq's Antique Weapon Shop.
 34156 | Vaults:1 | Bought a warped broad axe for 342 gold pieces
 34156 | Vaults:1 | Identified the +9 broad axe of Context {venom, Will+++
                  | Dex+5} (You bought it in a shop on level 1 of the Vaults)
 34216 | Abyss:3  | Cast into level 3 of the Abyss (a wizard)
 34218 | Abyss:3  | Found a corrupted altar of Lugonu.
 34313 | Abyss:3  | Found a corrupted altar of Lugonu.
 34350 | Vaults:1 | Escaped the Abyss
 34709 | Vaults:1 | Identified the +0 ring mail of Ydwauff {rElec Dex+5}
 34929 | Vaults:1 | Paralysed by a formless jellyfish for 1 turns
 35227 | Vaults:2 | Found a staircase to the Crypt.
 35298 | Vaults:2 | Found a magical portal.
 35311 | WizLab   | Entered Borgnjor's Mausoleum
 35586 | WizLab   | Reached XP level 20. HP: 140/189 MP: 31/31
 35976 | WizLab   | Identified the amulet "Ummaequ" {Rampage Regen+}
 36752 | Vaults:2 | Noticed Saint Roka
 36767 | Vaults:2 | Killed Saint Roka
 37018 | Vaults:2 | Identified the +5 plate armour of the Lair of Beasts {+Inv}
 37568 | Vaults:3 | Found Niar's Weapon Shoppe.
 37568 | Vaults:3 | Paralysed by a great orb of eyes for 2 turns
 37574 | Vaults:3 | Found Jiyptid's Armour Shoppe.
 37765 | Vaults:3 | Reached XP level 21. HP: 190/201 MP: 33/33
 37772 | Vaults:3 | Found a flickering gateway to a bazaar.
 37776 | Vaults:3 | Identified the +2 scale mail of Defence {SInv Stlth+}
 37793 | Bazaar   | Entered a bazaar
 37793 | Bazaar   | Found Anicutz's Book Shoppe.
 37793 | Bazaar   | Found Rougheg's Jewellery Emporium.
 37796 | Bazaar   | Found Dazxacw's Magic Scroll Emporium.
 37805 | Bazaar   | Bought a scroll of blinking for 82 gold pieces
 37805 | Bazaar   | Bought a scroll of blinking for 82 gold pieces
 37805 | Bazaar   | Bought a scroll of enchant armour for 82 gold pieces
 37811 | Bazaar   | Found Pealeopn's Armour Shoppe.
 38074 | Vaults:3 | Found Erasinuz's Jewellery Shoppe.
 38080 | Vaults:3 | Identified the ring of the Burgomaster {Fire rElec Dex+4
                  | Slay+2}
 38597 | Vaults:3 | Noticed Nikola
 38620 | Vaults:3 | Killed Nikola
 38891 | Vaults:3 | Found Nubbynet's Armour Shoppe.
 39328 | Orc:2    | Bought the +8 orange crystal plate armour {Archmagi, Int+3
                  | Clar} for 2167 gold pieces
 39328 | Orc:2    | Found the +8 orange crystal plate armour {Archmagi, Int+3
                  | Clar}
 40324 | Vaults:4 | Found Wulucwoy's Antique Weapon Boutique.
 41047 | Depths:1 | Entered Level 1 of the Depths
 41248 | Depths:1 | Found a gateway to Hell.
 41329 | Depths:1 | Found Lanaist's Book Emporium.
 41349 | Depths:1 | Got a sooty book
 41359 | Depths:1 | Found a one-way gate to the infinite horrors of the Abyss.
 41691 | Depths:2 | Reached skill level 1 in Shapeshifting
 41903 | Depths:2 | Noticed an ancient lich
 41949 | Depths:2 | Noticed Vyrynni Mabi's ghost (veteran DrSh)
 42008 | Depths:2 | Found a transporter.
 42054 | Depths:2 | Reached XP level 22. HP: 209/209 MP: 35/35
 42110 | Depths:2 | Reached skill level 5 in Shapeshifting
 42420 | Depths:2 | Identified the +3 pearl dragon scales of Yjepif {Harm rN+
                  | Int+4}
 42546 | Depths:2 | Found a one-way gate leading to the halls of Pandemonium.
 42624 | Depths:2 | Found a transporter.
 42765 | Depths:3 | Noticed a golden dragon
 42787 | Depths:3 | Killed a golden dragon
 42925 | Depths:3 | Found Sapafeti's Distillery.
 43015 | Depths:3 | Found a corrupted altar of Lugonu.
 43047 | Depths:3 | Identified the +2 plate armour of New Discoveries {Will-
                  | rCorr Str+5 Int+3}
 43065 | Depths:3 | Found a one-way gateway to a ziggurat.
 43423 | Depths:3 | Noticed the Enchantress
 43440 | Depths:3 | Killed the Enchantress
 43564 | Depths:3 | Noticed a juggernaut
 43569 | Depths:3 | Reached skill level 10 in Shapeshifting
 43583 | Depths:3 | Killed a juggernaut
 43665 | Depths:3 | Noticed a golden dragon
 43692 | Depths:3 | Killed a golden dragon
 43698 | Depths:3 | Noticed a golden dragon
 43730 | Depths:3 | Killed a golden dragon
 43871 | Depths:3 | Noticed a caustic shrike
 43889 | Depths:3 | Killed a caustic shrike
 43918 | Depths:3 | Got a vellum book
 43976 | Depths:3 | Identified the +9 hand cannon of Malum In Se {penet, Int+5}
 44087 | Depths:3 | Reached XP level 23. HP: 215/215 MP: 36/36
 44348 | Depths:4 | Entered Level 4 of the Depths
 44367 | Depths:4 | Paralysed by a vampire knight for 4 turns
 44604 | Depths:4 | Noticed Grunn
 44621 | Depths:4 | Killed Grunn
 44923 | Depths:4 | Found a gate to the Realm of Zot.
 46250 | Vaults:5 | Entered Level 5 of the Vaults
 46475 | Vaults:5 | Identified the +3 orcbow of Fragile Peace {drain, rElec rC-
                  | Will+++ Stlth+}
 46581 | Vaults:5 | Noticed an ancient lich
 46593 | Vaults:5 | Killed an ancient lich
 46614 | Vaults:5 | Reached skill level 15 in Shapeshifting
 46673 | Vaults:5 | Identified the ring "Rorarph" {+Blink rC+ MP+9 SInv}
 46687 | Vaults:5 | Reached XP level 24. HP: 170/224 MP: 31/36
 46939 | Vaults:5 | Noticed Mara
 46947 | Vaults:5 | Killed Mara
 46974 | Vaults:5 | Identified the +1 chain mail "Gurcharuc" {Drain rPois rC-
                  | rN+++}
 47021 | Vaults:5 | Got a silver rune of Zot
 47109 | Vaults:5 | Noticed a dread lich
 47125 | Vaults:5 | Killed a dread lich
 47366 | Vaults:5 | Identified the +5 ring mail "Odghirrosh" {Will+}
 47366 | Vaults:5 | Identified the +9 orcbow "Ivive" {heavy, Str+2}
 47379 | Vaults:5 | Identified the ring "Icrank" {rPois MP+9 Dex+3}
 48316 | Zot:1    | Entered Level 1 of the Realm of Zot
 48349 | Zot:1    | Noticed Vv
 48522 | Depths:4 | Killed Vv
 49631 | Zot:2    | Found a transporter.
 49631 | Zot:2    | Noticed a dread lich
 49640 | Zot:2    | Identified the +2 chain mail "Celin" {+Blink SInv}
 49640 | Zot:2    | Noticed a Killer Klown
 49644 | Zot:2    | Found a transporter.
 50505 | Zot:2    | Noticed Sphara's ghost (legendary DsEE)
 51203 | Zot:3    | Noticed an orb of fire
 51220 | Zot:3    | Gained mutation: You occasionally lose the ability to drink
                  | potions when taking damage. [an orb of fire]
 51228 | Zot:3    | Gained mutation: You sometimes lose your temper in combat.
                  | [an orb of fire]
 51230 | Zot:3    | Killed an orb of fire
 51298 | Zot:2    | Lost mutation: You sometimes lose your temper in combat.
                  | [potion of mutation]
 51298 | Zot:2    | Lost mutation: You occasionally lose the ability to drink
                  | potions when taking damage. [potion of mutation]
 51298 | Zot:2    | Lost mutation: You occasionally shout uncontrollably at
                  | your foes. [potion of mutation]
 51298 | Zot:2    | Gained mutation: You are occasionally teleported next to
                  | monsters. [potion of mutation]
 51298 | Zot:2    | Gained mutation: You are somewhat resistant to further
                  | mutation. [potion of mutation]
 51299 | Zot:2    | Lost mutation: You have sharp toenails. [potion of
                  | mutation]
 51299 | Zot:2    | Lost mutation: You are somewhat resistant to further
                  | mutation. [potion of mutation]
 51299 | Zot:2    | Gained mutation: You have a somewhat thin skeletal
                  | structure. (Dex +2, Stealth+) [potion of mutation]
 51299 | Zot:2    | Gained mutation: Your mind is acute. (Int +4, Str/Dex -1)
                  | [potion of mutation]
 51300 | Zot:2    | Lost mutation: Your mind is acute. (Int +4, Str/Dex -1)
                  | [potion of mutation]
 51300 | Zot:2    | Lost mutation: You have a somewhat thin skeletal structure.
                  | (Dex +2, Stealth+) [potion of mutation]
 51300 | Zot:2    | Lost mutation: You are occasionally teleported next to
                  | monsters. [potion of mutation]
 51300 | Zot:2    | Gained mutation: Your flesh is cold resistant. (rC+)
                  | [potion of mutation]
 51910 | Zot:3    | Reached XP level 25. HP: 217/231 MP: 36/36
 53116 | Zot:4    | Identified the +5 orcbow of Cagauc {heavy, rN+}
 53136 | Zot:4    | Identified the +0 plate armour of the Tanner {-Tele rN+
                  | Will++ rCorr}
 53217 | Zot:4    | Noticed a Killer Klown
 53255 | Zot:4    | Killed a Killer Klown
 54034 | Zot:5    | Entered Level 5 of the Realm of Zot
 54339 | Zot:5    | Noticed an orb of fire
 54346 | Zot:5    | Noticed an orb of fire
 54349 | Zot:5    | Gained mutation: Armour fits poorly on your strangely
                  | shaped body. [an orb of fire]
 54359 | Zot:5    | Noticed an orb of fire
 54365 | Zot:5    | Gained mutation: Your magical capacity is low. (-10% MP)
                  | [an orb of fire]
 54366 | Zot:5    | Killed an orb of fire
 54368 | Zot:5    | Lost mutation: Armour fits poorly on your strangely shaped
                  | body. [potion of mutation]
 54368 | Zot:5    | Lost mutation: Your flesh is cold resistant. (rC+) [potion
                  | of mutation]
 54368 | Zot:5    | Gained mutation: You occasionally shout uncontrollably at
                  | your foes. [potion of mutation]
 54368 | Zot:5    | Gained mutation: Your system is resistant to poisons.
                  | (rPois) [potion of mutation]
 54369 | Zot:5    | Noticed an ancient lich
 54379 | Zot:5    | Killed an orb of fire
 54380 | Zot:5    | Noticed an ancient lich
 54390 | Zot:5    | Killed an ancient lich
 54402 | Zot:5    | Noticed an ancient lich
 54411 | Zot:5    | Gained mutation: You are weak. (Str -2) [an orb of fire]
 54416 | Zot:5    | Gained mutation: Your body sometimes deteriorates upon
                  | taking damage. [an orb of fire]
 54418 | Zot:5    | Killed an orb of fire
 54420 | Zot:5    | Noticed a dread lich
 54425 | Zot:5    | Killed an ancient lich
 54429 | Zot:5    | Killed an ancient lich
 54443 | Zot:5    | Killed a dread lich
 54444 | Zot:5    | Noticed an ancient lich
 54444 | Zot:5    | Noticed a Killer Klown
 54462 | Zot:5    | Killed an ancient lich
 54476 | Zot:5    | Noticed a dread lich
 54489 | Zot:5    | Noticed a Killer Klown
 54498 | Zot:5    | Killed a dread lich
 54513 | Zot:5    | Killed a Killer Klown
 54526 | Zot:5    | Killed a Killer Klown
 54536 | Zot:5    | Noticed a Killer Klown
 54537 | Zot:5    | Noticed a Killer Klown
 54543 | Zot:5    | Noticed a Killer Klown
 54558 | Zot:5    | Noticed a Killer Klown
 54568 | Zot:5    | Killed a Killer Klown
 54569 | Zot:5    | Killed a Killer Klown
 54571 | Zot:5    | Killed a Killer Klown
 54597 | Zot:5    | Killed a Killer Klown
 54715 | Zot:5    | Reached XP level 26. HP: 239/239 MP: 32/32
 55291 | Zot:5    | Lost mutation: Your magical capacity is low. (-10% MP)
                  | [potion of mutation]
 55291 | Zot:5    | Lost mutation: Your system is resistant to poisons. (rPois)
                  | [potion of mutation]
 55291 | Zot:5    | Gained mutation: You are partially covered in large bone
                  | plates. (SH +4) [potion of mutation]
 55291 | Zot:5    | Gained mutation: Your mind is acute. (Int +4, Str/Dex -1)
                  | [potion of mutation]
 55291 | Zot:5    | Lost mutation: You are weak. (Str -2) [potion of mutation]
 55292 | Zot:5    | Lost mutation: Your body sometimes deteriorates upon taking
                  | damage. [potion of mutation]
 55292 | Zot:5    | Lost mutation: You occasionally shout uncontrollably at
                  | your foes. [potion of mutation]
 55292 | Zot:5    | Lost mutation: Your mind is acute. (Int +4, Str/Dex -1)
                  | [potion of mutation]
 55292 | Zot:5    | Gained mutation: You are strong-willed. (Will+) [potion of
                  | mutation]
 55292 | Zot:5    | Gained mutation: You have supernaturally acute eyesight.
                  | (SInv) [potion of mutation]
 55351 | Zot:5    | Got the Orb of Zot
 55867 | D:5      | Noticed Pecuaw the pandemonium lord
 56038 | D:1      | gg
 56039 | D:$      | Escaped with the Orb!

Illustrated notes

.## #.####.#.#
..## #........#
...# ######.###
#### ### ####
#######
d#X#######^#^#^#
####X#D#^########
...#######......##
##........4°...°z#
D#####..34....°.##
##^#D############
#####d#*#~#D#~#
#### ###########
.#.##
..#.##########
.............#
...#########.#


Turn 56038 on D:1: gg

Levels and vault maps discovered:
D:1:      shiori_arrival_whats_in_store_for_you, layout_loops_corners,
          st_stairs_14, minmay_tromino_v2
D:2:      layout_basic
D:3:      layout_rooms, hellmonk_ecumenical_altar_crossroads, uniq_robin,
          uniq_jessica
D:4:      layout_loops_corners, cheibrodos_sewer_entry_bend
D:5:      layout_rooms, minmay_temple_entry_fiery, serial_park_tiny_1
D:6:      layout_cave_pods, serial_shops, shop_coins
D:7:      layout_layer_cave, enter_ossuary_5
D:8:      layout_basic, hellmonk_lair_entry_icy, sigmund_army
D:9:      layout_loops_ring, nzn_hepliaklqana_mist_gate, slow_altar_1,
          hiddenorc1_lemuel, serial_glass, glass_columns_a, glass_columns_c,
          uniq_psyche, uniq_jeremiah, uniq_joseph
D:10:     layout_stronghold, elyvilon_altar_5, mainiacjoe_overflow_chevrons,
          uniq_erolcha
D:11:     layout_big_octagon, fedhas_altar_4
D:12:     layout_cave_pools, gauntlet_entry_generic, serial_undead,
          serial_undead_c, serial_undead_c, serial_undead_b, serial_undead_e,
          kennysheep_path_1, nicolae_lava_and_water, kiku_gazebo_garden_becter
D:13:     layout_irregular_city, portal_ice_cave_demonic_guard,
          minmay_misc_feat_rows, makhleb_altar_promises_db
D:14:     layout_gridville, grunt_vaults_entry_fortified,
          minmay_misc_feat_enclosed, nicolae_alphabet_shops, uniq_louise,
          uniq_agnes
D:15:     hangedman_depths_entry_civil_slaughter, layout_loops_ring,
          nicolae_twisting_strands, nicolae_letterblocks
          [nicolae_letter_subblock, nicolae_letter_subblock,
          nicolae_letter_subblock, nicolae_letter_subblock,
          nicolae_letter_subblock, nicolae_letter_subblock,
          nicolae_letter_subblock, nicolae_letter_subblock,
          nicolae_letter_subblock, nicolae_letter_subblock,
          nicolae_letter_subblock, nicolae_letter_subblock,
          nicolae_letter_subblock, nicolae_letter_subblock,
          nicolae_letter_subblock, nicolae_letter_subblock,
          nicolae_letter_subblock, nicolae_letter_subblock,
          nicolae_letter_subblock, nicolae_letter_subblock,
          nicolae_letter_subblock, nicolae_letter_subblock,
          nicolae_letter_subblock, nicolae_letter_subblock,
          nicolae_letter_subblock], uniq_nessos
Temple:   dpeg_three_leaves_temple
Lair:1:   layout_small_grid, special_room [special_room_bee], st_stairs_9,
          nicolae_quartered_pool_little, minmay_lair_oklob_items,
          uniq_prince_ribbit2
Lair:2:   gammafunk_indiana_jones, layout_regular_city
Lair:3:   layout_regular_city, swamp_mist_pool, dummy_spider_entry,
          gammafunk_ghost_split, grunt_megastairs_2
Lair:4:   layout_cave_pods, st_stairs_3, infiniplex_staircase_pool, uniq_rupert
Lair:5:   grunt_lair_end_beastmaster, layout_long_grid, dpeg_slime_entry_corner,
          bobbens_ice_dragon_lair, grunt_megastairs_4
Swamp:1:  layout_basic_swamp, evilmike_swamp_ruin_house_5, swamp_pool4,
          uniq_mlioglotl
Swamp:2:  layout_falls_marsh, evilmike_swamp_ruin_house_4, swamp_pool3
Swamp:3:  layout_falls_marsh, nicolae_swamp_fairy_circle
Swamp:4:  swamp_alternative, layout_basic_swamp
Spider:1: layout_spider_delve, uniq_azrael, uniq_donald, uniq_roxanne
Spider:2: layout_spider_delve, uniq_jorgrun, uniq_arachne
Spider:3: layout_chambers
Spider:4: guppyfry_spider_rune
Orc:1:    layout_caves, rock_pile
Orc:2:    grunt_orc_gardens, layout_caves, grunt_orc_garden, grunt_orc_garden,
          grunt_orc_garden, grunt_orc_garden, serial_shops,
          nicolae_shop_back_alley_shop, lightli_orcish_oven
Vaults:1: nicolae_vaults_shrinking_rooms_1, nicolae_vaults_tetromino_L_1,
          hangedman_vaults_unwind, vaults_mumra_chevron_long,
          nicolae_vaults_stand_back, ontoclasm_vaults_gateway,
          nicolae_vaults_border_crossing, v_misc_32,
          ontoclasm_vaults_loading_screen, nicolae_vaults_door_testing_chamber,
          nicolae_vaults_sightless_eye, layout_vaults_maze, serial_shops,
          nicolae_shop_getting_attention
Vaults:2: mu_enter_wizlab_4, v_pattern_5, hangedman_vaults_stream, v_rooms_4,
          vaults_room_hallway, nicolae_vaults_shelves_hall,
          nicolae_vaults_apartment_2, nicolae_vaults_trapezoid_4,
          nicolae_vaults_tetromino_Z_2, nicolae_vaults_network_barrier,
          nicolae_vaults_offset_grid_hallway_1, v_alt_pattern_2,
          layout_vaults_omnigrid, minmay_crypt_entry_simple_round,
          uniq_saint_roka
Vaults:3: nicolae_vaults_triangles, vaults_room_pool, v_rooms_1,
          nicolae_vaults_specimen_jars, nicolae_vaults_storing_the_good_stuff,
          nicolae_vaults_trapezoid_4, v_misc_14,
          nicolae_vaults_disjoint_gnomons, ontoclasm_vaults_tryst,
          hangedman_vaults_locks, nicolae_vaults_closet_pinwheel_5,
          grunt_vaults_swirl, nicolae_vaults_trapezoid_lopsided_1,
          layout_vaults_omnibox, serial_shops, bzr_entry_water, shop,
          shop_fountains, shop, shop, uniq_nikola
Vaults:4: nicolae_vaults_network_periphery, nicolae_vaults_mitosis,
          grunt_vaults_trifunnel, v_misc_16, nicolae_vaults_theta,
          nicolae_vaults_heart-shaped_vault, nicolae_vaults_surprise_closet,
          nicolae_vaults_ninety_degrees, v_misc_17, v_misc_13,
          nicolae_vaults_layer_cake_slice, nicolae_vaults_double_plus_1,
          layout_vaults_omnicross, serial_shops, nicolae_shop_crystal
Vaults:5: serial_shops, uniq_mara
Depths:1: layout_cave_pools, grunt_mini_vestibule, abyss_entry, serial_shops,
          nicolae_shop_real_fake_doors, minmay_misc_feat_ornament,
          minmay_statues_item, minmay_liquid_box, kennysheep_small_square,
          serial_bayou_shore_b, serial_bayou_shore_b
Depths:2: evilmike_diamond_2, layout_long_grid, gammafunk_ghost_mausoleum,
          rand_demon_pan_entry_4, hangedman_tar_grid_catacomb, firewood_loft
Depths:3: gammafunk_depths_water_palace, layout_small_grid, enter_ziggurat_e,
          minmay_misc_feat_secret_circle, abyss_entry_flame_altar,
          pf_vacation_house_of_asmodeus, serial_shops, shop, abandoned_shop,
          st_stairs_8
Depths:4: evilmike_zot_entry_gauntlet, layout_gridlike, grunt_pan_entry_zigzag,
          grunt_hell_entry_dis_mu, uniq_grunn
Zot:1:    layout_gridville, st_stairs_5, hangedman_zot_gyre, uniq_vv
Zot:2:    kennysheep_blocky_hall, layout_gridlike,
          gammafunk_ghost_abyssal_escape
Zot:3:    layout_gridlike, grunt_megastairs_5
Zot:4:    layout_onion
Zot:5:    layout_basic

Skill      XL: |  1  2  3  4  5  6  7  8  9 10 11 12 13 14 15 16 17 18 19 20 21 22 23 24 25 |
---------------+----------------------------------------------------------------------------+-----
Fighting       | 2 3 4 5 7 10 11 12 15 17 18 20 | 20.0
Armour         | 1 2 3 4 8 9 12 15 17 18 20 | 20.0
Short Blades   | 1 |  1.0
Dodging        | 3 4 5 8 |  8.0
Shields        | 1 3 5 9 15 20 | 20.0
Evocations     | 2 4 6 10 | 10.0
Axes           | 7 12 16 | 16.5
Maces & Flails | 5 6 11 | 11.7
Invocations    | 8 11 15 16 17 19 21 | 21.2
Shapeshifting  | 3 11 15 18 21 | 21.8
Stealth        | |  1.5
Spellcasting   | |  1.3
Ice Magic      | |  2.9

Action                     |  1- 3 |  4- 6 |  7- 9 | 10-12 | 13-15 | 16-18 | 19-21 | 22-24 | 25-27 || total
---------------------------+-------+-------+-------+-------+-------+-------+-------+-------+-------++-------
  Melee: Club              |    12 |       |       |       |       |       |       |       |       ||    12
         Unarmed           |     4 |       |       |       |       |       |       |       |       ||     4
         Headbutt          |     8 |    22 |    48 |    79 |   261 |   423 |   536 |   625 |   243 ||  2245
         Whip              |    16 |       |       |       |       |       |       |       |       ||    16
         Dagger            |    26 |   173 |   177 |       |       |       |       |       |       ||   376
         Punch             |     1 |       |       |       |       |       |       |       |       ||     1
         Hand axe          |       |       |    87 |    50 |       |       |       |       |       ||   137
         Morningstar       |       |       |       |   451 |  1011 |   316 |       |       |       ||  1778
         War axe           |       |       |       |    11 |       |       |       |       |       ||    11
         Kick              |       |       |       |       |     6 |       |       |       |       ||     6
         Broad axe         |       |       |       |       |       |  1326 |  1523 |  1832 |   621 ||  5302
  Throw: Dart              |       |       |     1 |    10 |     3 |     3 |     2 |       |       ||    19
   Cast: Freeze            |    39 |    11 |       |       |       |       |       |       |       ||    50
 Invoke: Disaster Area     |       |       |       |       |       |     4 |     3 |     2 |     3 ||    12
         Upheaval          |       |       |       |       |       |     9 |     4 |    14 |     9 ||    36
         Elemental Force   |       |       |       |       |       |     2 |       |       |       ||     2
  Evoke: Wand              |       |     2 |     3 |     2 |       |       |     3 |     1 |     2 ||    13
         Phantom mirror    |       |       |       |       |     1 |       |       |       |     1 ||     2
         Condenser vane    |       |       |       |       |       |     1 |       |       |       ||     1
         Phial of floods   |       |       |       |       |       |       |     1 |       |       ||     1
    Use: Potion            |     1 |       |     1 |     1 |       |     3 |       |    10 |    12 ||    28
         Scroll            |     2 |     5 |    12 |     6 |     9 |    12 |     3 |     4 |     4 ||    57
   Stab: Distracted        |     1 |       |       |       |     1 |       |       |     1 |       ||     3
         Sleeping          |     1 |       |       |       |       |       |       |       |       ||     1
         Paralysed         |       |       |       |       |       |     1 |       |       |       ||     1
 Armour: Robe              |    31 |       |       |       |       |       |       |       |       ||    31
         Leather armour    |     4 |       |       |       |       |       |       |       |       ||     4
         Ring mail         |     2 |    34 |       |       |       |       |       |       |       ||    36
         Scale mail        |       |    50 |   137 |   121 |       |       |       |       |       ||   308
         Plate armour      |       |       |       |   170 |   517 |  1079 |   311 |       |       ||  2077
         Crystal plate arm |       |       |       |       |       |       |   160 |   915 |   258 ||  1333
  Dodge: Dodged            |    49 |    55 |   102 |   217 |   314 |   558 |   246 |   396 |    73 ||  2010
         Repelled          |       |       |       |       |       |     7 |     5 |    24 |     3 ||    39
  Block: Buckler           |       |    25 |    89 |   180 |   149 |       |       |       |       ||   443
         Tower shield      |       |       |       |       |   687 |  2729 |  1817 |  2522 |   663 ||  8418
   Form: Death             |       |       |       |       |       |       |       |       |     2 ||     2
                           |       |       |       |       |       |       |       |       |     1 ||     1

Table legend: (Time is in decaauts)
 A = Elapsed time spent in this place.
 B = Non-inter-level travel time spent in this place.
 C = Inter-level travel time spent in this place.
 D = Time resting spent in this place.
 E = Time spent auto-exploring this place.
 F = Levels seen in this place.
 G = Mean time per level.
                   A        B        C        D        E       F      G
               +--------+--------+--------+--------+--------+-----+--------+
         Total |  56437 |  50003 |   6434 |   9297 |  25991 |  54 | 1045.1 |
       Dungeon |  18285 |  15094 |   3191 |   3576 |   7742 |  15 | 1219.0 |
        Temple |     12 |      7 |      5 |      0 |      0 |   1 |   12.0 |
          Lair |   6807 |   6353 |    454 |   1339 |   3474 |   5 | 1361.4 |
         Swamp |   2523 |   2329 |    194 |    355 |   1316 |   4 |  630.8 |
   Spider Nest |   4376 |   4185 |    191 |    424 |   2402 |   4 | 1094.0 |
  Orcish Mines |   1489 |   1339 |    150 |    147 |    786 |   2 |  744.5 |
        Vaults |   7642 |   6418 |   1224 |    410 |   3794 |   5 | 1528.4 |
        Depths |   5664 |   4980 |    684 |    817 |   2696 |   4 | 1416.0 |
           Zot |   5720 |   5382 |    338 |   1394 |   2656 |   5 | 1144.0 |
         Abyss |    430 |    430 |      0 |     62 |      0 |   3 |  143.3 |
        Bazaar |     38 |     38 |      0 |      0 |      0 |   1 |   38.0 |
         Sewer |    797 |    797 |      0 |     63 |    477 |   1 |  797.0 |
       Ossuary |    387 |    387 |      0 |    113 |    110 |   1 |  387.0 |
      Ice Cave |    715 |    715 |      0 |     57 |    192 |   1 |  715.0 |
        Wizlab |   1057 |   1057 |      0 |    419 |    182 |   1 | 1057.0 |
      Gauntlet |    489 |    489 |      0 |    119 |    159 |   1 |  489.0 |
               +--------+--------+--------+--------+--------+-----+--------+

Top non-repeatable levels by time:
Depths:4: 2173 daAuts
     D:8: 1949 daAuts
Vaults:3: 1852 daAuts
Depths:3: 1784 daAuts
Vaults:2: 1730 daAuts
   Zot:2: 1668 daAuts
     D:9: 1617 daAuts
Vaults:5: 1568 daAuts
    D:10: 1546 daAuts
  Lair:5: 1513 daAuts
    D:15: 1495 daAuts
  Lair:1: 1453 daAuts
  Lair:4: 1416 daAuts
  Lair:3: 1317 daAuts
Spider:4: 1307 daAuts
